 Dungeon Crawl Stone Soup version 0.27-a0-1149-g4505690ab0 (webtiles) character file.

Game seed: 2508460146571846568

30 chippings the Sneak (level 3, -3/29 HPs)
             Began as a Mummy Delver on May 13, 2021.
             Slain by an iguana (13 damage)
             ... on level 5 of the Dungeon.
             The game lasted 00:00:42 (345 turns).

chippings the Sneak (Mummy Delver)                   Turns: 345, Time: 00:00:43

Health: -3/29      AC:  3    Str: 15    XL:     3   Next: 3%
Magic:  3/3        EV: 11    Int: 10    God:
Gold:   30         SH:  0    Dex: 13    Spells: 2/2 levels left

rFire    . . .     SeeInvis .   a - +0 mace
rCold    . . .     Faith    .   (no shield)
rNeg     + + +     Spirit   .   b - +0 leather armour
rPois    ∞         Reflect  .   (no helmet)
rElec    .         Harm     .   (no cloak)
rCorr    .         Rampage  .   (no gloves)
Will     .....                  (no boots)
Stlth    ++........             (no amulet)
HPRegen  0.09/turn              g - ring of fire
MPRegen  0.08/turn              (no ring)

@: no status effects
A: cold resistance 1, negative energy resistance 3, torment resistance 2, heat
vulnerability 1, no potions
a: no special abilities


You were on level 5 of the Dungeon.
You visited 1 branch of the dungeon, and saw 1 of its levels.

You collected 30 gold pieces.

Inventory:

Hand Weapons
 a - a +0 mace (weapon)
Armour
 b - a +0 leather armour (worn)
Jewellery
 g - a ring of fire (left hand)
Wands
 f - a wand of digging (3)
Scrolls
 c - a scroll of fog
 d - a scroll of magic mapping
 e - a scroll of fear


   Skills:
 + Level 3.4 Fighting
 * Level 2.5 Maces & Flails
 - Level 1.5 Dodging
 - Level 4.1 Stealth


You had 2 spell levels left.
You didn't know any spells.
Your spell library was empty.

Dungeon Overview and Level Annotations

Branches:
Dungeon (5/15)
 Temple: D:4-7

Altars:


Innate Abilities, Weirdness & Mutations

You are immune to poison.
Your flesh is cold resistant. (rC+)
You are immune to negative energy. (rN+++)
You are immune to unholy pain and torment.
You are vulnerable to heat. (rF-)
You do not drink.


Message History

The hound barks!
You barely miss the hound. The hound barely misses you.
The hound closely misses you.
You hit the hound but do no damage. The hound bites you but does no damage.
The hound bites you.
You sock the hound!
The hound is heavily wounded.
The hound bites you. The hound closely misses you.
You thump the hound!
The hound is almost dead.
The hound misses you. The hound barely misses you.
You completely miss the hound.
The hound is almost dead.
The hound closely misses you. The hound bites you but does no damage.
You hit the hound.
You kill the hound!
Your Maces & Flails skill increases to level 2!
You have reached level 2!
You have reached level 3!
Your experience leads to an increase in your attributes!
Increase (S)trength, (I)ntelligence, or (D)exterity?
You feel clever.
You start resting.
HP restored.
You now have 20 gold pieces (gained 11).
Found a robe.
You see here a +0 robe.
A sky beast comes into view.
Found 10 gold pieces.
You now have 30 gold pieces (gained 10).
An iguana comes into view.
The iguana bites you.
You hit the iguana but do no damage. The iguana closely misses you.
You closely miss the iguana. The iguana bites you. The iguana misses you.
You barely miss the iguana. The iguana bites you!
You hit the iguana but do no damage. The iguana closely misses you.
You hit the iguana.
The iguana is lightly wounded.
The iguana bites you!
You die...

#.# #.# #.#
#.# #.# #.#
#l# #@#
##.###########
#............#
############.#
#.# #.# #.#
#.# # #.######


You could see an iguana.

Vanquished Creatures
  A hound (D:5)
1 creature vanquished.

Notes
Turn   | Place    | Note
-------+----------+-------------------------------------------
     0 | D:5      | chippings the Mummy Delver began the quest for the Orb.
     0 | D:5      | Reached XP level 1. HP: 18/18 MP: 1/1
    21 | D:5      | Noticed an orc wizard
    22 | D:5      | Noticed an orc priest
    72 | D:5      | Noticed a hound
    81 | D:5      | Killed a hound
    82 | D:5      | Reached XP level 2. HP: 10/24 MP: 2/2
    82 | D:5      | Reached XP level 3. HP: 12/29 MP: 3/3
   315 | D:5      | Noticed a sky beast
   345 | D:5      | Slain by an iguana

Illustrated notes

Levels and vault maps discovered:
D:5:      layout_basic

Skill      XL: |  1 |
---------------+----+-----
Maces & Flails | 2 |  2.5
Fighting       | |  3.4
Dodging        | |  1.5
Stealth        | |  4.1

Action                   || total
-------------------------++-------
Melee: Mace              ||    11
Armor: Leather armour    ||     2
Dodge: Dodged            ||     9

Table legend: (Time is in decaauts)
 A = Elapsed time spent in this place.
 B = Non-inter-level travel time spent in this place.
 C = Inter-level travel time spent in this place.
 D = Time resting spent in this place.
 E = Time spent auto-exploring this place.
 F = Levels seen in this place.
 G = Mean time per level.
                   A        B        C        D        E       F      G
               +--------+--------+--------+--------+--------+-----+--------+
         Total |    347 |    347 |      0 |    180 |     33 |   1 |  347.0 |
       Dungeon |    347 |    347 |      0 |    180 |     33 |   1 |  347.0 |
               +--------+--------+--------+--------+--------+-----+--------+

Top non-repeatable levels by time:
     D:5: 347 daAuts
